[ PARTIDA AOE2 · #466578033 ]
1v1 RMLituanos vs Khmer
Equipo del jugador · DERR
Equipo rival · VICT
[ ANÁLISIS DE REPETICIÓN · EXTRAÍDO DE LA PARTIDA GRABADA ]
Feudal
10:02
Castillos
22:36
Imperial
—
| APM promedio | 21.4 |
| APM pico | 50 |
| eAPM promedio | 11.8 |
| Aldeanos / militares | 46 / 41 |
Foco
⚔️ 23.5% · 🌾 76.5%
Spearman ×32 · Knight ×8 · Militia ×1
Feudal
9:12
Castillos
23:30
Imperial
—
| APM promedio | 30.2 |
| APM pico | 64 |
| eAPM promedio | 9.7 |
| Aldeanos / militares | 54 / 47 |
Foco
⚔️ 24.4% · 🌾 75.6%
Battle Elephant ×13 · Scout Cavalry ×12 · Scorpion ×8 · Knight ×8 · Ballista Elephant ×4 · Monk ×2
Mapa de la partida
Recursos iniciales + cada clic de construcción. Líneas = muros · curvas = relieve. ◆ oro · ⬟ piedra · ● bayas · ✦ reliquia · ◌ hueco del cierre
Tu base· Abierta — flanco sin cerrar
Base de Dahaka· Abierta — flanco sin cerrar
Terreno inicial suavizado · ◌ = hueco del cierre detectado · pasá el cursor para detalles
Inputs por minuto
— dumnorix - - Dahaka
Build order — dumnorix
Primeras 150 de 164 acciones detectadas
| 0:01 | Crear | Villager (Male) |
| 0:01 | Crear | Villager (Male) |
| 0:01 | Crear | Villager (Male) |
| 0:01 | Crear | Villager (Male) |
| 0:02 | Crear | Villager (Male) |
| 0:03 | Construir | House |
| 0:05 | Construir | House |
| 0:35 | Crear | Villager (Male) |
| 0:35 | Crear | Villager (Male) |
| 1:27 | Crear | Villager (Male) |
| 2:02 | Crear | Villager (Male) |
| 2:07 | Construir | Lumber Camp |
| 2:30 | Crear | Villager (Male) |
| 3:50 | Construir | House |
| 4:07 | Construir | Mill |
| 4:12 | Crear | Villager (Male) |
| 4:12 | Crear | Villager (Male) |
| 4:12 | Crear | Villager (Male) |
| 4:55 | Crear | Villager (Male) |
| 4:56 | Crear | Villager (Male) |
| 6:12 | Crear | Villager (Male) |
| 6:12 | Crear | Villager (Male) |
| 6:15 | Crear | Villager (Male) |
| 6:17 | Investigar | Loom |
| 7:37 | Investigar | Feudal Age |
| 7:47 | Construir | Mining Camp |
| 8:42 | Construir | Barracks |
| 8:54 | Crear | Villager (Male) |
| 8:54 | Crear | Villager (Male) |
| 8:54 | Crear | Villager (Male) |
| 8:55 | Crear | Villager (Male) |
| 8:55 | Crear | Villager (Male) |
| 9:21 | Construir | Lumber Camp |
| 10:02 | Edad | Edad Feudal |
| 10:03 | Investigar | Double-Bit Axe |
| 10:03 | Investigar | Double-Bit Axe |
| 10:17 | Construir | House |
| 10:21 | Construir | House |
| 10:31 | Investigar | Gold Mining |
| 10:40 | Construir | House |
| 10:42 | Construir | House |
| 11:00 | Crear | Villager (Male) |
| 11:08 | Investigar | Horse Collar |
| 11:44 | Construir | Archery Range |
| 12:07 | Construir | House |
| 12:38 | Construir | Farm |
| 12:38 | Construir | Farm |
| 12:38 | Construir | Farm |
| 12:38 | Construir | Farm |
| 12:38 | Construir | Farm |
| 12:39 | Construir | Farm |
| 12:51 | Construir | House |
| 13:34 | Construir | Farm |
| 13:34 | Construir | Farm |
| 13:34 | Construir | Farm |
| 13:35 | Construir | Farm |
| 13:35 | Construir | Farm |
| 14:25 | Construir | House |
| 14:44 | Construir | Farm |
| 14:44 | Construir | Farm |
| 14:44 | Construir | Farm |
| 15:19 | Crear | Spearman |
| 15:19 | Crear | Spearman |
| 15:19 | Crear | Spearman |
| 15:37 | Construir | House |
| 16:16 | Construir | Farm |
| 16:16 | Construir | Farm |
| 16:55 | Construir | Farm |
| 16:55 | Construir | Farm |
| 16:55 | Construir | Farm |
| 17:23 | Construir | Farm |
| 17:24 | Construir | Farm |
| 17:24 | Construir | Farm |
| 17:24 | Construir | Farm |
| 17:30 | Construir | Farm |
| 17:39 | Crear | Militia |
| 18:44 | Crear | Spearman |
| 18:45 | Crear | Spearman |
| 19:04 | Construir | Blacksmith |
| 19:52 | Construir | Farm |
| 19:53 | Construir | Farm |
| 19:56 | Investigar | Castle Age |
| 20:42 | Crear | Spearman |
| 20:43 | Crear | Spearman |
| 21:35 | Investigar | Scale Mail Armor |
| 21:38 | Investigar | Forging |
| 21:44 | Crear | Villager (Male) |
| 21:44 | Crear | Villager (Male) |
| 21:44 | Crear | Villager (Male) |
| 22:08 | Crear | Spearman |
| 22:09 | Crear | Spearman |
| 22:36 | Edad | Edad de los Castillos |
| 23:01 | Crear | Villager (Male) |
| 23:01 | Crear | Villager (Male) |
| 23:01 | Crear | Villager (Male) |
| 23:18 | Construir | Stable |
| 23:31 | Construir | House |
| 23:48 | Construir | House |
| 23:52 | Construir | Palisade Wall |
| 24:23 | Investigar | Bow Saw |
| 24:28 | Crear | Knight |
| 24:28 | Crear | Knight |
| 24:33 | Investigar | Pikeman (upgrade) |
| 24:37 | Crear | Spearman |
| 24:37 | Crear | Spearman |
| 25:10 | Construir | House |
| 25:22 | Investigar | Pikeman (upgrade) |
| 25:31 | Crear | Villager (Male) |
| 25:31 | Crear | Villager (Male) |
| 25:31 | Crear | Villager (Male) |
| 25:32 | Crear | Villager (Male) |
| 25:38 | Construir | Mining Camp |
| 25:45 | Crear | Villager (Male) |
| 25:45 | Crear | Villager (Male) |
| 25:45 | Crear | Villager (Male) |
| 25:45 | Crear | Villager (Male) |
| 25:58 | Crear | Knight |
| 25:58 | Crear | Knight |
| 26:11 | Construir | Barracks |
| 26:17 | Construir | House |
| 26:18 | Construir | House |
| 26:19 | Construir | House |
| 26:28 | Construir | Palisade Wall |
| 26:35 | Crear | Villager (Male) |
| 26:35 | Crear | Villager (Male) |
| 26:36 | Crear | Villager (Male) |
| 26:47 | Crear | Spearman |
| 26:47 | Crear | Spearman |
| 27:05 | Crear | Knight |
| 27:17 | Construir | Farm |
| 27:18 | Construir | Farm |
| 27:18 | Construir | Farm |
| 27:18 | Construir | Farm |
| 27:18 | Construir | Farm |
| 27:29 | Construir | Mill |
| 28:04 | Crear | Knight |
| 28:05 | Crear | Knight |
| 28:07 | Crear | Knight |
| 28:34 | Investigar | Squires |
| 28:48 | Crear | Villager (Male) |
| 29:06 | Construir | Farm |
| 29:06 | Construir | Farm |
| 29:06 | Construir | Farm |
| 29:07 | Construir | Farm |
| 29:07 | Construir | Farm |
| 30:00 | Investigar | Heavy Plow |
| 30:13 | Investigar | Husbandry |
| 30:15 | Investigar | Bloodlines |
| 30:26 | Construir | Farm |
| 30:35 | Construir | Farm |
Build order — Dahaka
136 acciones detectadas en el replay
| 0:01 | Crear | Villager (Male) |
| 0:01 | Crear | Villager (Male) |
| 0:02 | Crear | Villager (Male) |
| 0:03 | Construir | House |
| 0:05 | Construir | House |
| 0:57 | Investigar | Loom |
| 1:00 | Crear | Villager (Male) |
| 1:00 | Crear | Villager (Male) |
| 1:58 | Crear | Villager (Male) |
| 1:58 | Crear | Villager (Male) |
| 2:19 | Crear | Villager (Male) |
| 2:19 | Crear | Villager (Male) |
| 2:47 | Crear | Villager (Male) |
| 2:47 | Crear | Villager (Male) |
| 3:09 | Crear | Villager (Male) |
| 3:09 | Crear | Villager (Male) |
| 3:39 | Crear | Villager (Male) |
| 3:39 | Crear | Villager (Male) |
| 3:39 | Crear | Villager (Male) |
| 3:51 | Construir | House |
| 3:56 | Construir | Lumber Camp |
| 4:02 | Crear | Villager (Male) |
| 4:02 | Crear | Villager (Male) |
| 5:11 | Crear | Villager (Male) |
| 5:12 | Crear | Villager (Male) |
| 5:12 | Crear | Villager (Male) |
| 5:59 | Construir | House |
| 6:37 | Crear | Villager (Male) |
| 6:47 | Investigar | Feudal Age |
| 7:59 | Construir | House |
| 8:02 | Construir | House |
| 9:12 | Edad | Edad Feudal |
| 9:22 | Construir | Stable |
| 9:30 | Construir | Mill |
| 9:35 | Construir | Farm |
| 9:52 | Construir | House |
| 9:53 | Construir | House |
| 9:59 | Crear | Scout Cavalry ×3 |
| 10:57 | Crear | Villager (Male) |
| 11:10 | Construir | Farm |
| 11:11 | Construir | Farm |
| 11:13 | Construir | Farm |
| 11:15 | Construir | Farm |
| 11:17 | Construir | Farm |
| 11:19 | Construir | Farm |
| 11:21 | Crear | Scout Cavalry |
| 11:22 | Crear | Scout Cavalry |
| 11:53 | Crear | Scout Cavalry |
| 12:24 | Crear | Villager (Male) |
| 12:26 | Crear | Villager (Male) |
| 12:37 | Crear | Scout Cavalry |
| 12:37 | Crear | Scout Cavalry |
| 13:43 | Crear | Scout Cavalry |
| 14:12 | Crear | Scout Cavalry |
| 14:13 | Crear | Scout Cavalry |
| 14:13 | Crear | Villager (Male) |
| 14:13 | Crear | Villager (Male) |
| 14:15 | Construir | Farm |
| 15:16 | Crear | Scout Cavalry |
| 15:21 | Crear | Villager (Male) |
| 15:21 | Crear | Villager (Male) |
| 15:21 | Crear | Villager (Male) |
| 15:21 | Crear | Villager (Male) |
| 15:23 | Construir | Farm |
| 16:35 | Crear | Villager (Male) |
| 16:39 | Construir | Farm |
| 16:42 | Construir | Farm |
| 16:46 | Construir | Farm |
| 17:15 | Construir | Farm |
| 17:18 | Crear | Villager (Male) |
| 17:18 | Crear | Villager (Male) |
| 17:20 | Crear | Villager (Male) |
| 18:26 | Crear | Villager (Male) |
| 18:26 | Crear | Villager (Male) |
| 18:26 | Crear | Villager (Male) |
| 18:27 | Crear | Villager (Male) |
| 20:50 | Investigar | Castle Age |
| 21:48 | Investigar | Double-Bit Axe |
| 21:51 | Investigar | Horse Collar |
| 22:04 | Construir | Mining Camp |
| 23:12 | Construir | Stable |
| 23:18 | Construir | Lumber Camp |
| 23:22 | Construir | Mining Camp |
| 23:30 | Edad | Edad de los Castillos |
| 23:38 | Construir | Monastery |
| 24:49 | Crear | Battle Elephant ×5 |
| 24:53 | Construir | Siege Workshop |
| 25:00 | Crear | Villager (Male) |
| 25:00 | Crear | Villager (Male) |
| 25:01 | Crear | Villager (Male) |
| 25:01 | Crear | Villager (Male) |
| 25:01 | Crear | Villager (Male) |
| 25:34 | Crear | Monk |
| 25:49 | Construir | Lumber Camp |
| 25:50 | Crear | Villager (Male) ×5 |
| 25:51 | Crear | Villager (Male) ×5 |
| 26:26 | Construir | House |
| 26:26 | Construir | House |
| 26:26 | Construir | House |
| 26:26 | Construir | House |
| 26:27 | Construir | House |
| 26:27 | Construir | House |
| 26:27 | Construir | House |
| 26:28 | Construir | House |
| 26:28 | Construir | House |
| 26:28 | Construir | House |
| 26:29 | Construir | House |
| 26:29 | Construir | House |
| 26:29 | Construir | House |
| 26:29 | Construir | House |
| 26:30 | Construir | House |
| 27:14 | Investigar | Bloodlines |
| 27:18 | Investigar | Husbandry |
| 27:28 | Crear | Monk |
| 27:40 | Construir | Blacksmith |
| 28:43 | Crear | Scorpion |
| 28:43 | Crear | Scorpion |
| 28:47 | Crear | Battle Elephant ×4 |
| 29:04 | Construir | Market |
| 29:30 | Crear | Scorpion |
| 30:25 | Construir | Castle |
| 30:36 | Crear | Scorpion |
| 30:36 | Crear | Scorpion |
| 30:42 | Crear | Battle Elephant ×4 |
| 31:16 | Construir | Farm |
| 31:35 | Construir | Lumber Camp |
| 31:46 | Crear | Knight ×4 |
| 31:46 | Crear | Knight ×4 |
| 32:28 | Construir | House |
| 33:29 | Crear | Scorpion |
| 33:29 | Crear | Scorpion |
| 33:29 | Crear | Scorpion |
| 33:32 | Crear | Ballista Elephant |
| 33:32 | Crear | Ballista Elephant |
| 33:32 | Crear | Ballista Elephant |
| 33:32 | Crear | Ballista Elephant |
Cronología de la partida
| 8:42 | dumnorix · first_building Barracks |
| 9:12 | Dahaka · age_up feudal |
| 9:22 | Dahaka · first_building Stable |
| 10:02 | dumnorix · age_up feudal |
| 11:44 | dumnorix · first_building Archery Range |
| 22:36 | dumnorix · age_up castle |
| 23:18 | dumnorix · first_building Stable |
| 23:30 | Dahaka · age_up castle |
| 23:38 | Dahaka · first_building Monastery |
| 23:52 | dumnorix · wall_segment Palisade Wall x3 |
| 24:53 | Dahaka · first_building Siege Workshop |
| 26:28 | dumnorix · wall_segment Palisade Wall x11 |
| 30:25 | Dahaka · first_building Castle |
| 34:15 | dumnorix · resign |
[ ANÁLISIS IA · 1 CRÉDITO ]
¿Qué pasó realmente en esta partida?
Wolo.gg analiza cada decisión: build order, eco, micro, errores típicos por bracket. Análisis personalizado por WhatsApp o Discord en 30 segundos.
Guía civ
Lituanos
Guía mapa
Arabia
Perfil
Jugador #23747899